 Dungeon Crawl Stone Soup version 0.21-a0-641-geef9d7f (console) character file.

323 removed the Grave Robber (level 6, 36/45 HPs)
             Began as a Demigod Necromancer on Dec 30, 2017.
             Quit the game on level 2 of the Dungeon.
             The game lasted 00:04:50 (2866 turns).

removed the Grave Robber (Demigod Necromancer)      Turns: 2866, Time: 00:04:51

Health: 36/45      AC:  8    Str: 11    XL:     6   Next: 2%
Magic:  9/12       EV: 12    Int: 23    God:
Gold:   59         SH:  0    Dex: 16    Spells: 5/9 levels left

rFire    . . .     SeeInvis .   a - +0 dagger (venom)
rCold    . . .     Gourm    .   (no shield)
rNeg     . . .     Faith    .   x - +0 robe
rPois    .         Spirit   .   (no helmet)
rElec    .         Reflect  .   (no cloak)
rCorr    .         Harm     .   n - +2 pair of gloves {archery}
MR       .....                  i - +0 pair of boots (curse)
Stlth    ++........             (no amulet)
HPRegen  0.15/turn              m - +2 ring of protection
MPRegen  0.13/turn              (no ring)

@: no status effects
A: high mp 1
a: no special abilities


You were on level 2 of the Dungeon.
You were not hungry.

You visited 1 branch of the dungeon, and saw 3 of its levels.

You collected 59 gold pieces.

Inventory:

Hand Weapons
 a - a +0 dagger of venom (weapon)
 s - a +0 whip
Armour
 i - a cursed +0 pair of boots (worn)
 n - a +2 pair of gloves of archery (worn)
 x - a +0 robe (worn)
Jewellery
 m - a +2 ring of protection (left hand)
Scrolls
 d - 2 scrolls of magic mapping {unknown}
 g - 2 scrolls of remove curse {unknown}
 k - 3 scrolls of identify {unknown}
 p - a scroll of random uselessness {unknown}
 q - 2 scrolls of teleportation {unknown}
 t - a scroll of amnesia {unknown}
 w - a scroll of enchant armour {unknown}
Potions
 h - a potion of curing
 v - a potion of haste
Books
 b - a book of Necromancy

   Spells                             Type                      Level
   a - Pain                           Necromancy                   1
   b - Animate Skeleton               Necromancy                   1
   c - Vampiric Draining              Necromancy                   3
   d - Regeneration                   Charms/Necromancy            3
   e - Animate Dead                   Necromancy                   4
   f - Borgnjor's Vile Clutch         Necromancy/Earth             5
Comestibles
 c - 6 rations
 u - 2 chunks of flesh


   Skills:
 - Level 1.7 Dodging
 - Level 1.7 Stealth
 + Level 2.2 Spellcasting
 - Level 6.7 Necromancy


You had 5 spell levels left.
You knew the following spells:

 Your Spells              Type           Power        Failure   Level  Hunger
a - Pain                  Necr           ####         1%          1    None
b - Vampiric Draining     Necr           ####......   2%          3    ###....


Dungeon Overview and Level Annotations

Branches:
Dungeon (3/15)

Annotations:
D:3 Grinder


Innate Abilities, Weirdness & Mutations

You have an increased reservoir of magic. (+10% MP)


Message History

Casting: Pain
Confirm with . or Enter, or press ? or * to list all spells.
Aiming: Pain
Press: ? - help, Shift-Dir - straight line, f - hobgoblin
Aim: a hobgoblin, wielding a club (moderately wounded, chance to defeat MR: 93%)
The hobgoblin writhes in agony!
You kill the hobgoblin!
Casting: Pain
Confirm with . or Enter, or press ? or * to list all spells.
You can't see any susceptible monsters within range! (Use Z to cast anyway.)
Things that are here:
a club; a hobgoblin corpse You butcher the hobgoblin corpse.
u - 3 chunks of flesh
Things that are here:
a club; a hobgoblin skeleton You are feeling hungry.
Eat one of 3 chunks of flesh? (ye/n/q)
You eat one of the 3 chunks of flesh.
This raw flesh tastes terrible.
Are you sure you want to abandon this character and quit the game? (Confirm with "yes".)

#.# #.# #.# #.# #.#
#.# #.# #.# #.# #.#
#.# #.# ########.#
#.#
#........########.#
#.#.............@.#
....[..........>###
#.#.####..........#
#.#.####..#####.#.#
#.#.......# #.#.#
..#####...# #.#.#
....†.#...#####.#.#
..###.#...#.....#.#
#.###.#..<#.#####.#


There were no monsters in sight!

Vanquished Creatures
  Sigmund (D:2)
  A howler monkey (D:2)
  A hound (D:2)
  3 adders (D:2)
  An ooze (D:1)
  2 worms (D:2)
  2 leopard geckos
  An orc (D:3)
  2 giant cockroaches
  11 goblins
  8 hobgoblins
  6 bats
  6 frilled lizards
  8 kobolds
  2 rats (D:1)
55 creatures vanquished.

Notes
Turn   | Place    | Note
-------+----------+-------------------------------------------
     0 | D:1      | removed the Demigod Necromancer began the quest for the Orb.
     0 | D:1      | Reached XP level 1. HP: 14/14 MP: 5/5
   397 | D:1      | Reached skill level 4 in Necromancy
   596 | D:1      | Reached XP level 2. HP: 19/20 MP: 4/7
  1640 | D:2      | HP: 1/20 [kobold/whip (2)]
  1648 | D:2      | Reached skill level 5 in Necromancy
  1648 | D:2      | Reached XP level 3. HP: 13/26 MP: 5/8
  2065 | D:2      | Reached XP level 4. HP: 33/33 MP: 7/9
  2082 | D:2      | Found a sparkling altar of Nemelex Xobeh.
  2255 | D:2      | Found a faded altar of an unknown god.
  2574 | D:2      | Noticed Sigmund
  2582 | D:2      | Killed Sigmund
  2582 | D:2      | Reached skill level 6 in Necromancy
  2582 | D:2      | Reached XP level 5. HP: 32/38 MP: 2/10
  2587 | D:2      | Learned a level 3 spell: Vampiric Draining
  2722 | D:2      | Found a burning altar of Makhleb.
  2755 | D:2      | Reached XP level 6. HP: 35/45 MP: 3/12
  2843 | D:3      | Noticed Grinder
  2852 | D:3      | Paralysed by Grinder for 4 turns
  2866 | D:2      | Quit the game

Vault maps used:
D:1:      dpeg_arrival_round_b
D:2:      overflow_temple_1_default, first_ration,
          chequers_ecumenical_altar_grove, makhleb_heckhound_becter,
          uniq_sigmund
D:3:      nicolae_ru_the_path_less_chosen, uniq_grinder

Skill      XL: |  1  2  3  4  5 |
---------------+----------------+-----
Necromancy     | 4 5 6 |  6.7
Spellcasting   | 2 |  2.2
Dodging        | |  1.7
Stealth        | |  1.7

Action                   |  1- 3 |  4- 6 || total
-------------------------+-------+-------++-------
Melee: Dagger            |       |     9 ||     9
 Cast: Pain              |    75 |    52 ||   127
  Use: Potion            |     3 |       ||     3
  Eat: Chunk             |     4 |     4 ||     8
Armor: Robe              |     9 |     4 ||    13
Dodge: Dodged            |    21 |    14 ||    35

Table legend:
 A = Spawn XP
 B = Non-spawn XP
 C = Spawn XP percentage of total XP
 D = Spawn monster count
 E = Non-spawn monster count
 F = Spawn count percentage of total count
 G = Total turns spent on level
                    A         B        C        D         E        F      G
               +---------+---------+-------+---------+---------+-------+---------
         Total |       0 |     462 |   0.0 |       0 |      55 |   0.0 |  2866
               +---------+---------+-------+---------+---------+-------+---------
           D:1 |       0 |      38 |   0.0 |       0 |      21 |   0.0 |  1522
           D:2 |       0 |     416 |   0.0 |       0 |      31 |   0.0 |  1310
           D:3 |       0 |       8 |   0.0 |       0 |       3 |   0.0 |    34
               +---------+---------+-------+---------+---------+-------+---------
